 Dungeon Sprint DCSS version 0.15-a0-1015-g702813b (webtiles) character file.

1115 MDvedh the Bludgeoner (level 8, -1/49 HPs)
             Began as a Tengu Gladiator on May 26, 2014.
             Was a Priest of Vehumet.
             Slain by an orc warrior
             ... wielding a +1,+3 scimitar of flaming
              (8 damage)
             ... in the Dungeon (Sprint IX: "|||||||||||||||||||||||||||||").
             The game lasted 00:03:15 (606 turns).

MDvedh the Bludgeoner (Tengu Gladiator)              Turns: 606, Time: 00:03:15

HP  -1/49        AC  9     Str 15      XL: 8   Next: 34%
MP  14/19        EV 12     Int 16      God: Vehumet [***...]
Gold 0           SH  0     Dex 16      Spells:  1 memorised, 13 levels left

rFire  . . .     SeeInvis .     p - +2 morningstar (protect)
rCold  . . .     Clarity  .     b - +0 leather armour
rNeg   . . .     Conserve .     (no shield)
rPois  .         rCorr    .     c - +0 hat
rElec  .         rRot     .     (no cloak)
SustAb .         Spirit   .     q - +0 pair of gloves
rMut   .         Warding  .     (boots unavailable)
Gourm  .         NoTele   +     (no amulet)
MR     .....                    s - +3 ring of intelligence
                                r - +3 ring of intelligence

@: not resistant to hostile enchantments, very unstealthy
A: able to fly, beak, talons 3
a: Fly, Renounce Religion


You were in the Dungeon.
You worshipped Vehumet.
Vehumet was most pleased with you.
You were not hungry.

You visited 1 branch

Inventory:

Hand weapons
 a - a +0,+0 flail
 p - a +2,+2 morningstar of protection (weapon)
Missiles
 d - 3 throwing nets (quivered)
Armour
 b - a +0 leather armour (worn)
 c - a +0 hat (worn)
 q - a +0 pair of gloves (worn)
Magical devices
 n - a wand of cold (7)
Comestibles
 f - a bread ration
Scrolls
 k - 2 scrolls of blinking
 l - 3 scrolls of remove curse
 m - 2 scrolls of amnesia
Jewellery
 r - a +3 ring of intelligence (left hand)
 s - a +3 ring of intelligence (right hand)
Potions
 e - 2 potions of curing
 i - 4 potions of magic
 j - a potion of invisibility
Magical staves
 o - an uncursed staff of energy


   Skills:
 + Level 5.0 Fighting
 - Level 16.5 Maces & Flails
 - Level 2.1 Throwing
 - Level 3.2 Dodging
 + Level 3.9 Spellcasting
 + Level 5.8 Conjurations


You had 13 spell levels left.
You knew the following spells:

 Your Spells              Type           Power        Failure   Level  Hunger
a - Magic Dart            Conj           ###.         1%          1    None


Dungeon Overview and Level Annotations

Branches:
Dungeon (1/1)

Altars:
Cheibriados
Dithmenos
Elyvilon
Fedhas
Gozag
Kikubaaqudgha
Makhleb
Nemelex Xobeh
Okawaru
Qazlal
Sif Muna
Trog
Vehumet
Xom
Yredelemnul
Zin
The Shining One
Beogh
Jiyva
Lugonu


Innate Abilities, Weirdness & Mutations

You can fly.
You have a beak for a mouth.
You have claws for feet.


Message History

Drink which item? (? for menu, Esc to quit)
You feel better.
You closely miss the orc warrior. The orc warrior hits you with a mace!
* * * LOW HITPOINT WARNING * * *
You closely miss the orc warrior.
You claw the orc warrior, but do no damage.
Your peck misses the orc warrior.
The orc warrior unwields an uncursed mace.
The orc warrior drops an uncursed mace.
The orc warrior picks up a scimitar of flaming.
The orc warrior wields a scimitar of flaming.
It bursts into flame!
You hit the orc warrior.
You claw the orc warrior, but do no damage.
The orc warrior is lightly wounded.
Unknown command.
You hit the orc warrior.
The orc warrior is moderately wounded.
The orc warrior hits you with a scimitar of flaming!
You die...

▓.▓
▓.▓
▓)▓
▓.▓
▓.▓
▓.▓
▓.▓
▓.▓
▓@▓
▓o▓
▓O▓
▓.▓
▓.▓
▓.▓
▓.▓
▓.▓
▓+▓


You could see a two-headed ogre and an orc warrior.

Vanquished Creatures
  A hill giant (D)
  An efreet (D)
  A shadow (D)
  A yellow wasp (D)
  3 crimson imps (D)
  An iguana (D)
  A worker ant (D)
  2 orcs (D)
  A hobgoblin (D)
  A jackal (D)
  4 kobolds (D)
  A quokka (D)
  A bat (D)
  A goblin (D)
20 creatures vanquished.

Vanquished Creatures (others)
  A spatial maelstrom (D)
1 creature vanquished.

Grand Total: 21 creatures vanquished

Notes
Turn   | Place    | Note
--------------------------------------------------------------
     0 | D        | MDvedh, the Tengu Gladiator, began the quest for the Orb.
     0 | D        | Reached XP level 1. HP: 12/12 MP: 1/1
     7 | D        | Reached skill level 4 in Maces & Flails
     7 | D        | Banished a spatial maelstrom
    13 | D        | Reached skill level 5 in Maces & Flails
    41 | D        | Noticed a crimson imp
    41 | D        | Noticed a crimson imp
    41 | D        | Noticed an iguana
    53 | D        | Killed a crimson imp
    53 | D        | Reached skill level 8 in Maces & Flails
    53 | D        | Reached XP level 2. HP: 9/17 MP: 3/3
    53 | D        | Reached XP level 3. HP: 11/21 MP: 4/4
    54 | D        | Killed a crimson imp
    54 | D        | Reached skill level 9 in Maces & Flails
    54 | D        | Reached XP level 4. HP: 13/26 MP: 5/5
    59 | D        | Killed an iguana
    59 | D        | Reached skill level 10 in Maces & Flails
   209 | D        | Found a glowing silver altar of Zin.
   209 | D        | Found a glowing golden altar of the Shining One.
   209 | D        | Found an ancient bone altar of Kikubaaqudgha.
   209 | D        | Found a basalt altar of Yredelemnul.
   209 | D        | Found a shimmering altar of Xom.
   209 | D        | Found a radiant altar of Vehumet.
   209 | D        | Found an iron altar of Okawaru.
   210 | D        | Found a burning altar of Makhleb.
   211 | D        | Found a deep blue altar of Sif Muna.
   212 | D        | Found a bloodstained altar of Trog.
   213 | D        | Found a sparkling altar of Nemelex Xobeh.
   214 | D        | Found a white marble altar of Elyvilon.
   215 | D        | Found a roughly hewn altar of Beogh.
   216 | D        | Found a viscous altar of Jiyva.
   217 | D        | Became a worshipper of Vehumet
   218 | D        | Found a corrupted altar of Lugonu.
   219 | D        | Found a blossoming altar of Fedhas.
   220 | D        | Found a snail-covered altar of Cheibriados.
   221 | D        | Found a shadowy altar of Dithmenos.
   222 | D        | Found a stormy altar of Qazlal.
   223 | D        | Found an opulent altar of Gozag.
   260 | D        | Noticed a yellow wasp
   260 | D        | Noticed a crimson imp
   260 | D        | Noticed a hill giant
   273 | D        | Killed a yellow wasp
   273 | D        | Acquired Vehumet's first power
   273 | D        | Offered knowledge of Magic Dart by Vehumet.
   273 | D        | Reached skill level 12 in Maces & Flails
   273 | D        | Reached XP level 5. HP: 13/30 MP: 7/7
   279 | D        | Killed a crimson imp
   290 | D        | Killed a hill giant
   290 | D        | Reached skill level 16 in Maces & Flails
   290 | D        | Reached XP level 6. HP: 4/35 MP: 8/8
   290 | D        | Reached XP level 7. HP: 4/40 MP: 9/9
   293 | D        | Learned a level 1 spell: Magic Dart
   575 | D        | Noticed an efreet
   575 | D        | Noticed a shadow
   575 | D        | Noticed a worker ant
   575 | D        | Noticed an orc warrior
   575 | D        | Noticed a two-headed ogre
   581 | D        | Killed an efreet
   581 | D        | Offered knowledge of Throw Frost by Vehumet.
   581 | D        | Reached XP level 8. HP: 37/48 MP: 10/18
   596 | D        | Killed a shadow
   596 | D        | Reached skill level 5 in Conjurations
   601 | D        | Killed a worker ant
   601 | D        | Acquired Vehumet's second power
   601 | D        | Reached skill level 5 in Fighting
   606 | D        | Slain by an orc warrior

Action                   |  1- 3 |  4- 6 |  7- 9 || total
-------------------------+-------+-------+-------++-------
Melee: Flail             |    18 |     4 |       ||    22
       Morningstar       |       |    26 |    24 ||    50
 Cast: Magic Dart        |       |       |     3 ||     3
  Use: Potion            |     1 |     3 |     4 ||     8
